 Dungeon Crawl Stone Soup version 0.21-a0-200-gb89f83b (webtiles) character file.

109 tehllama the Insei (level 4, 0/28 HPs)
             Began as an Octopode Transmuter on Aug 16, 2017.
             Slain by an adder (1 damage)
             ... on level 3 of the Dungeon.
             The game lasted 00:03:07 (2150 turns).

tehllama the Insei (Octopode Transmuter)            Turns: 2150, Time: 00:03:10

Health: 0/28       AC:  1    Str: 10    XL:     4   Next: 90%
Magic:  7/7        EV: 13    Int: 15    God:
Gold:   142        SH:  0    Dex: 12    Spells: 6/7 levels left

rFire    . . .     SeeInvis .     - Unarmed
rCold    . . .     Gourm    .   (no shield)
rNeg     . . .     Faith    .   (helmet restricted)
rPois    .         Spirit   .   (no amulet)
rElec    .         Reflect  .   (no ring)
rCorr    .         Harm     .   (no ring)
MR       .....                  (no ring)
Stlth    ++++......             (no ring)
HPRegen  0.09/turn              (no ring)
MPRegen  0.10/turn              (no ring)
                                (no ring)
                                (no ring)

@: lethally poisoned (0 -> -8)
A: almost no armour, stealthy swim, amphibious, 8 rings, constrict 8, camouflage
1, gelatinous body 1
a: no special abilities


You were on level 3 of the Dungeon.
You were not hungry.

You visited 1 branch of the dungeon, and saw 3 of its levels.

You collected 142 gold pieces.

Inventory:

Missiles
 a - 52 arrows
Jewellery
 s - an uncursed ring of ice
Wands
 m - a wand of random effects (7/48)
 o - a wand of clouds (4/9)
Scrolls
 e - a scroll of recharging {unknown}
 f - 2 scrolls of remove curse {unknown}
 h - a scroll of teleportation {unknown}
 j - 3 scrolls of magic mapping {unknown}
 k - a scroll of immolation {unknown}
Potions
 g - 2 potions of curing {unknown}
 i - 2 potions of brilliance {unknown}
 l - a potion of cancellation {unknown}
 n - 2 potions of degeneration {unknown}
 p - a potion of might {unknown}
Books
 b - a book of Changes

   Spells                             Type                      Level
   a - Beastly Appendage              Transmutation                1
   b - Sticks to Snakes               Transmutation                2
   c - Spider Form                    Transmutation/Poison         3
   d - Ice Form                       Ice/Transmutation            4
   e - Blade Hands                    Transmutation                5
Comestibles
 c - 2 bread rations
 d - a royal jelly
 q - a meat ration
 r - a chunk of flesh


   Skills:
 - Level 1.0 Fighting
 - Level 2.0 Dodging
 + Level 2.8 Stealth
 + Level 4.9 Unarmed Combat
 - Level 2.0 Spellcasting
 - Level 2.0 Transmutations


You had 6 spell levels left.
You knew the following spells:

 Your Spells              Type           Power        Failure   Level  Hunger
a - Beastly Appendage     Tmut           #.....       10%         1    #......


Dungeon Overview and Level Annotations

Branches:
Dungeon (3/15)

Altars:
Wu Jian
Xom


Innate Abilities, Weirdness & Mutations

You cannot wear most types of armour.
You are very stealthy in the water. (Stealth+)
You are amphibious.
You can wear up to eight rings at the same time.
You can use your tentacles to constrict eight enemies at once.
Your skin changes colour to match your surroundings (Stealth+).
Your rubbery body absorbs attacks. (AC +1, EV +1)


Message History

You tentacle-slap the adder but do no damage.
The adder is lightly wounded.
You constrict the adder.
You feel sick. The adder completely misses you.
You tentacle-slap the adder but do no damage.
The adder is moderately wounded.
You constrict the adder. The adder closely misses you.
You completely miss the adder.
The adder is heavily wounded.
You constrict the adder. The adder bites you.
* * * LOW HITPOINT WARNING * * *
You are more poisoned.
The adder poisons you! The adder bites you.
* * * LOW HITPOINT WARNING * * *
You tentacle-slap the adder but do no damage.
You squeeze the adder.
The adder is severely wounded.
You constrict the adder.
* * * LOW HITPOINT WARNING * * *
You feel sick. The adder bites you.
You die...

... #.....### ##$#
###..##...##
####...##≈≈[≈≈#....#
........≈≈≈≈≈≈≈.##.#
##....≈≈≈≈≈≈≈≈≈≈≈#...
#..#≈≈≈#≈≈≈≈#≈≈≈≈...#
#.#.≈≈≈≈≈≈≈≈≈≈≈≈≈. .#
#≈≈≈≈≈≈≈#≈≈#≈≈≈≈#.#
#.≈≈≈≈.≈#@≈≈≈≈≈#≈≈≈
#.≈≈#.≈≈≈.S.≈...≈≈≈.
#..≈≈$..?.<).♣(.≈
##≈#≈?!≈≈.)[≈≈.≈≈
#≈≈≈≈≈≈#≈≈≈≈≈≈≈≈
##≈≈≈≈#≈≈≈≈≈≈≈≈≈
#.≈≈≈≈≈≈≈≈≈≈≈≈w !#≈#≈
≈≈≈≈≈##≈w


You could see an adder and 2 dart slugs.

Vanquished Creatures
  An adder (D:2)
  An ooze (D:1)
  11 dart slugs
  3 leopard geckos (D:1)
  A giant cockroach (D:2)
  6 hobgoblins
  8 jackals
  8 kobolds
  A quokka (D:2)
  10 bats
  9 frilled lizards
  6 goblins
  6 rats (D:1)
71 creatures vanquished.

Vanquished Creatures (others)
  3 plants (D:1)
3 creatures vanquished.

Grand Total: 74 creatures vanquished

Notes
Turn   | Place    | Note
-------+----------+-------------------------------------------
     0 | D:1      | tehllama the Octopode Transmuter began the quest for the Orb.
     0 | D:1      | Reached XP level 1. HP: 13/13 MP: 3/3
   278 | D:1      | Reached XP level 2. HP: 18/18 MP: 5/5
   598 | D:1      | Reached skill level 4 in Unarmed Combat
   641 | D:1      | Reached XP level 3. HP: 17/23 MP: 6/6
   773 | D:1      | Reached skill level 1 in Stealth
  1184 | D:1      | Reached XP level 4. HP: 28/28 MP: 7/7
  1311 | D:2      | Found a shimmering altar of Xom.
  1710 | D:2      | Found an ornate altar of the Wu Jian Council.
  2150 | D:3      | HP: 1/28 [poisoned by an adder]
  2150 | D:3      | Slain by an adder

Vault maps used:
D:1:      onia_arrival_handbag, minmay_lizard_king
D:2:      overflow_temple_1_default, xom_butterflies
D:3:      kennysheep_slugbush, chequers_ecumenical_altar_twisty,
          serial_bayou_pond_b

Skill      XL: |  1  2  3  4 |
---------------+-------------+-----
Unarmed Combat | 4 |  4.9
Stealth        | 1 2 |  2.8
Fighting       | |  1.0
Dodging        | |  2.0
Spellcasting   | |  2.0
Transmutations | |  2.0

Action                   |  1- 3 |  4- 6 || total
-------------------------+-------+-------++-------
Melee: Unarmed           |    86 |    54 ||   140
       Constrict         |    28 |    18 ||    46
       Tentacles         |    13 |     7 ||    20
       Kick              |    10 |     4 ||    14
       Punch             |     3 |     1 ||     4
 Cast: Beastly Appendage |     9 |     8 ||    17
 Stab: Sleeping          |     2 |     4 ||     6
  Eat: Chunk             |     1 |     3 ||     4
Armor: Skin              |     9 |     4 ||    13
Dodge: Dodged            |    55 |    27 ||    82
